 Dungeon Crawl Stone Soup version 0.31.0-12-g77e489cdc1 (webtiles) character file.

Game seed: 2687354299791320758

65 Silvore the Trooper (level 3, -1/29 HPs)
             Began as a Demonspawn Fighter on Feb 14, 2024.
             Succumbed to an adder's poison
             ... on level 2 of the Dungeon.
             The game lasted 00:02:34 (1474 turns).

Silvore the Trooper (Demonspawn Fighter)            Turns: 1474, Time: 00:02:35

Health: -1/29      AC:  6    Str: 18    XL:     3   Next: 92%
Magic:  3/3        EV:  9    Int:  8    God:
Gold:   96         SH:  6    Dex: 14    Spells: 2/2 levels left

rFire   . . .        a - +0 long sword
rCold   . . .        c - +1 buckler
rNeg    . . .        b - +0 scale mail
rPois   .            (no helmet)
rElec   .            (no cloak)
rCorr   .            (no gloves)
SInv    .            (no boots)
Will    .....        (no amulet)
Stlth   +            (no ring)
HPRegen 0.24/turn    (no ring)
MPRegen 0.08/turn

%: no passive effects
@: lethally poisoned (-1 -> -8)
A: thin skeletal structure 1, powered by death 1
a: no special abilities


You were on level 2 of the Dungeon.
You visited 1 branch of the dungeon, and saw 2 of its levels.

You collected 96 gold pieces.

Inventory:

Hand Weapons
 a - a +0 long sword (weapon)
Armour
 b - a +0 scale mail (worn)
 c - a +1 buckler (worn)
Scrolls
 f - 2 scrolls of identify
 g - a scroll of enchant armour
 j - 2 scrolls of noise {unknown}
Potions
 d - 2 potions of might
 e - a potion of magic


   Skills:
 + Level 3.3 Fighting
 + Level 2.4 Long Blades
 + Level 3.2 Armour
 + Level 1.0 Dodging
 + Level 0.2 Stealth
 + Level 2.9 Shields


You had 2 spell levels left.
You didn't know any spells.
Your spell library contained the following spells:

 Spells                   Type           Power      Damage    Failure   Level
 Scorch                   Fire           0%         2d5       95%         2
 Flame Wave               Conj/Fire      0%         2d4       100%        4
 Summon Cactus Giant      Summ           0%         N/A       100%        6


Dungeon Overview and Level Annotations

Branches:
Dungeon (2/15)

Altars:


Innate Abilities, Weirdness & Mutations

You have a somewhat thin skeletal structure. (Dex +2, Stealth+)
You regenerate a little health from kills.


Message History

You closely miss the adder.
The adder is almost dead.
The adder barely misses you. The adder bites you but does no damage.
You hit the adder but do no damage.
The adder is almost dead.
You block the adder's attack.
You miss the adder.
The adder is almost dead.
The adder bites you. x2
You are poisoned.
The adder poisons you!
You miss the adder.
The adder is almost dead.
You feel very sick. The adder bites you.
You are more poisoned.
The adder poisons you!
You closely miss the adder.
The adder is almost dead.
You feel very sick. The adder closely misses you.
The adder bites you but does no damage.
You closely miss the adder.
The adder is severely wounded.
You feel sick. The adder bites you.
* * * LOW HITPOINT WARNING * * *
The adder bites you.
* * * LOW HITPOINT WARNING * * *
You are more poisoned.
The adder poisons you!
Okay, then.
You hit the adder.
You kill the adder!
* * * LOW HITPOINT WARNING * * *
You feel very sick.
Your Dodging skill increases to level 1!
Unknown command.
As you read the scroll labelled QOM QOH NOMO, it crumbles to dust.
You assume a fearsome visage.
Nothing appears to happen.
It was a scroll of fear.
You die...

#......# #...........##.#.##.
#......# ####...........##+#+#..
.......# #......................
.......## #......................
........# #......................
........# #######'#+#+##.........
........# #.#.#.##.........
.......##########...#.##.........
.......'........@..##.##.........
.......###########.##.##.......#.
######.# #................ #.#
#..##.##########. #.# #..##.# #.
#.# #..##.########### #.#
#..##............ #.#
#..############## #.#
#................


There were no monsters in sight!

Vanquished Creatures
  2 adders (D:2)
  A dart slug (D:1)
  2 ball pythons (D:1)
  5 endoplasms
  3 giant cockroaches
  8 goblins
  A hobgoblin (D:2)
  2 quokkas
  6 bats
  3 frilled lizards
  2 kobolds (D:1)
  5 rats
40 creatures vanquished.

Notes
Turn   | Place    | Note
-------+----------+-------------------------------------------
     0 | D:1      | Silvore the Demonspawn Fighter began the quest for the Orb.
     0 | D:1      | Reached XP level 1. HP: 18/18 MP: 1/1
     0 | D:1      | Noticed an orb of fire
     0 | D:1      | Noticed an ice dragon
     1 | D:1      | Noticed a shadow dragon
     2 | D:1      | Noticed a quicksilver dragon
     4 | D:1      | Noticed a tentacled monstrosity
     6 | D:1      | Noticed a tentacled monstrosity
    11 | D:1      | Noticed an ice dragon
    13 | D:1      | Noticed a tentacled monstrosity
    13 | D:1      | Noticed a shadow dragon
    15 | D:1      | Noticed a quicksilver dragon
    17 | D:1      | Noticed a tentacled monstrosity
    17 | D:1      | Noticed an iron dragon
    19 | D:1      | Noticed an iron dragon
    19 | D:1      | Noticed a shadow dragon
    21 | D:1      | Noticed a tentacled monstrosity
   131 | D:1      | Gained mutation: You have a somewhat thin skeletal
                  | structure. (Dex +2, Stealth+) [demonic ancestry]
   131 | D:1      | Reached XP level 2. HP: 24/24 MP: 2/2
   767 | D:2      | Gained mutation: You regenerate a little health from kills.
                  | [demonic ancestry]
   767 | D:2      | Reached XP level 3. HP: 29/29 MP: 3/3
  1473 | D:2      | HP: 1/29 [poisoned by an adder]
  1474 | D:2      | Reached skill level 1 in Dodging
  1474 | D:2      | Succumbed to an adder's poison

Illustrated notes

Levels and vault maps discovered:
D:1:      shiori_arrival_whats_in_store_for_you, layout_loops_ring,
          minmay_tromino_v4_b
D:2:      layout_basic

Skill      XL: |  1  2  3 |
---------------+----------+-----
Long Blades    | 2 |  2.4
Armour         | 3 |  3.2
Dodging        | 1 |  1.0
Fighting       | |  3.3
Stealth        | |  0.2
Shields        | |  2.9

Action                     || total
---------------------------++-------
  Melee: Long sword        ||   134
    Use: Scroll            ||     5
         Potion            ||     4
 Armour: Scale mail        ||   120
  Dodge: Dodged            ||    78
  Block: Buckler           ||    37
